 Dungeon Crawl Stone Soup version 0.26.1-11-gd32895ea62 (webtiles) character file.

Game seed: 3495716155153203740

3021 nothank2 the Transmogrifier (level 9, -9/64 HPs)
             Began as a Red Draconian Transmuter on June 24, 2021.
             Was a Follower of Vehumet.
             Mangled by a wyvern (17 damage)
             ... on level 8 of the Dungeon.
             The game lasted 00:26:49 (9026 turns).

nothank2 the Transmogrifier (DrTm)                  Turns: 9026, Time: 00:26:49

Health: -9/64      AC:  6    Str: 13    XL:     9   Next: 55%
Magic:  20/21      EV: 19    Int: 16    God:    Vehumet [*.....]
Gold:   427        SH:  0    Dex: 17    Spells: 10/24 levels left

rFire    . . .     SeeInvis .     - Unarmed
rCold    . . .     Faith    .   (shield currently unavailable)
rNeg     . . .     Spirit   .   (armour unavailable)
rPois    x         Reflect  .   (helmet currently unavailable)
rElec    .         Harm     .   (cloak currently unavailable)
rCorr    .         Rampage  .   (gloves currently unavailable)
Will     .....                  (boots currently unavailable)
Stlth    ++........             (no amulet)
HPRegen  0.20/turn              h - ring of wizardry
MPRegen  0.17/turn              x - +4 ring of protection

@: spider-form
A: tiny, (breathe fire), unfitting armour, AC +7
a: End Transformation, Renounce Religion


You were on level 8 of the Dungeon.
You worshipped Vehumet.
Vehumet was aware of your devotion.
You were a venomous arachnid creature.
You visited 1 branch of the dungeon, and saw 8 of its levels.

You collected 427 gold pieces.

Inventory:

Hand Weapons
 d - a +0 dagger
 f - a +1 flail of protection
 g - a +2 short sword of speed (melded)
Missiles
 c - 72 poisoned darts
Armour
 i - a +0 cloak (melded)
Jewellery
 b - an uncursed ring of protection from fire
 h - a ring of wizardry (left front leg)
 k - an uncursed ring of poison resistance {unknown}
 w - an uncursed ring of attention
 x - a +4 ring of protection (right front leg)
Wands
 l - a wand of paralysis (6)
 s - a wand of polymorph (1)
 u - a wand of acid (10)
Scrolls
 a - 7 scrolls of identify
 e - a scroll of immolation
 j - 2 scrolls of enchant weapon
 m - a scroll of enchant armour
 t - a scroll of amnesia
 y - 2 scrolls of remove curse
 z - a scroll of magic mapping {unknown}
Potions
 n - a potion of flight
 o - a potion of mutation
 p - a potion of magic
 q - a potion of berserk rage
 r - a potion of curing
 v - a potion of heal wounds {unknown}


   Skills:
 - Level 1.1 Fighting
 - Level 1.7 Dodging
 + Level 4.1 Unarmed Combat
 + Level 8.4 Spellcasting
 * Level 1.7 Conjurations
 + Level 8.6 Transmutations
 - Level 4.0 Poison Magic
 - Level 0.1 Evocations


You had 10 spell levels left.
You knew the following spells:

 Your Spells              Type           Power        Failure   Level
a - Beastly Appendage     Tmut           68%          1%          1
b - Spider Form           Tmut/Pois      13%          3%          3
c - Ice Form              Ice/Tmut       20%          16%         4
d - Searing Ray           Conj           24%          9%          2
e - Fulminant Prism       Conj/Hex       4%           45%         4

Your spell library contained the following spells:

 Spells                   Type           Power        Failure   Level
 Foxfire                  Conj/Fire      36%          9%          1
 Wereblood                Tmut           34%          1%          2
 Magic Dart               Conj           48%          6%          1
 Blade Hands              Tmut           17%          9%          5
 Animate Skeleton         Necr           12%          11%         1
 Apportation              Tloc           12%          11%         1
 Corona                   Hex            6%           11%         1
 Freeze                   Ice            24%          11%         1
 Summon Small Mammal      Summ           24%          11%         1
 Ensorcelled Hibernation  Hex/Ice        12%          14%         2
 Dazzling Flash           Conj/Hex       18%          19%         3
 Confusing Touch          Hex            6%           26%         3
 Tukima's Dance           Hex            6%           26%         3
 Iskenderun's Mystic Bla  Conj/Tloc      9%           45%         4


Dungeon Overview and Level Annotations

Branches:
Dungeon (8/15)             Temple (0/1) D:7
   Lair: D:8-11

Altars:
Gozag
Hepliaklqana
Kikubaaqudgha
Makhleb
Qazlal
Sif Muna
Vehumet
Wu Jian
Xom

Shops:
D:4 [

Annotations:
D:6 1 runed translucent door, ISoar's ghost, novice DENe


Innate Abilities, Weirdness & Mutations

((You can breathe blasts of fire.))
((Your fiery red scales are hard. (AC +7)))
You cannot fit into any form of body armour.
((Your flesh is heat resistant. (rF+)))
((You are cold-blooded and may be slowed by cold attacks.))


Message History

The ice beast hits you but does no damage.
You hit the ice beast.
The ice beast is severely wounded.
The centaur barely misses you. The wyvern barely misses you.
The centaur misses you. The wyvern closely misses you.
The iguana completely misses you. The shadow imp barely misses you.
The ice beast closely misses you.
You barely miss the wyvern.
The wyvern is severely wounded.
The centaur hits you. The wyvern bites you!
* * * LOW HITPOINT WARNING * * *
The iguana misses you. The shadow imp completely misses you.
You hit the ice beast.
The ice beast is almost dead.
The centaur misses you. The wyvern misses you.
The ice beast hits you but does no damage.
The centaur hits you!
* * * LOW HITPOINT WARNING * * *
The wyvern bites you!
You die...

...............
...............
...............
...............
...............
...............
........Y......
......lsl......
......c5.......
...)...W.......
...............
...............
...............
......$........
...............


You could see a phantom, a wyvern (poisoned), an ice beast (poisoned), a
centaur, an iguana and a shadow imp.

Vanquished Creatures
  Pikel (D:4)
  Grinder (D:3)
  Menkaure (D:4)
  Edmund (D:4)
  Duvessa (D:6)
  An orc warrior (D:5)
  A sky beast (D:6)
  6 ogres
  A phantom (D:5)
  A centaur (D:7)
  2 big kobolds (D:7)
  3 bullfrogs (D:7)
  Dowan (D:6)
  A bullfrog zombie (D:6)
  A centaur zombie (D:7)
  2 jellies
  An orc priest (D:5)
  A gnoll shaman (D:6)
  A hound (D:5)
  4 orc wizards
  Crazy Yiuf (D:5)
  3 iguanas
  3 worker ants
  A killer bee zombie (D:7)
  9 gnolls
  A howler monkey skeleton (D:4)
  5 adders
  An ooze (D:3)
  An adder skeleton (D:4)
  7 leopard geckos
  5 orcs (D:5)
  11 bats
  4 bat zombies (D:2)
  2 giant cockroaches
  10 goblins
  9 hobgoblins
  A jackal (D:1)
  19 kobolds
  A ball python (D:1)
  4 frilled lizards
  13 rats
  A rat zombie (D:2)
144 creatures vanquished.

Notes
Turn   | Place    | Note
-------+----------+-------------------------------------------
     0 | D:1      | nothank2 the Draconian Transmuter began the quest for the
                  | Orb.
     0 | D:1      | Reached XP level 1. HP: 16/16 MP: 3/3
   199 | D:1      | Reached XP level 2. HP: 22/23 MP: 5/5
   854 | D:1      | Reached XP level 3. HP: 28/28 MP: 7/7
  1223 | D:2      | Found an ancient bone altar of Kikubaaqudgha.
  1756 | D:2      | Found a radiant altar of Vehumet.
  1759 | D:2      | Became a worshipper of Vehumet
  1886 | D:2      | Learned a level 3 spell: Spider Form
  1994 | D:3      | Reached XP level 4. HP: 35/35 MP: 6/8
  2310 | D:3      | Found an ornate altar of the Wu Jian Council.
  2362 | D:3      | Noticed Grinder
  2380 | D:3      | Paralysed by Grinder for 2 turns
  2384 | D:3      | Paralysed by Grinder for 6 turns
  2399 | D:3      | Killed Grinder
  2400 | D:3      | Reached XP level 5. HP: 10/40 MP: 8/11
  2400 | D:3      | Reached XP level 6. HP: 12/47 MP: 8/12
  2847 | D:3      | Found a burning altar of Makhleb.
  2856 | D:3      | Paralysed by a kobold for 7 turns
  3355 | D:4      | Reached skill level 5 in Transmutations
  3714 | D:4      | Noticed Edmund
  3730 | D:4      | Killed Edmund
  3731 | D:4      | Reached skill level 5 in Spellcasting
  3731 | D:4      | Your scales start taking on a fiery red colour.
  3731 | D:4      | Reached XP level 7. HP: 32/52 MP: 12/14
  3731 | D:4      | Gained mutation: Your flesh is heat resistant. (rF+) [Red
                  | Draconian growth]
  3899 | D:4      | Found Cyax's Antique Armour Boutique.
  4048 | D:4      | Noticed Menkaure
  4050 | D:4      | Killed Menkaure
  4804 | D:4      | Noticed Pikel
  4821 | D:4      | Killed Pikel
  4822 | D:4      | Reached skill level 1 in Poison Magic
  4822 | D:4      | Reached XP level 8. HP: 22/59 MP: 11/18
  4827 | D:4      | Learned a level 4 spell: Ice Form
  5163 | D:5      | Entered Level 5 of the Dungeon
  6059 | D:5      | Found a stormy altar of Qazlal.
  6222 | D:5      | Found a runed translucent door.
  6223 | D:5      | Noticed Crazy Yiuf
  6229 | D:5      | Killed Crazy Yiuf
  6364 | D:5      | HP: 2/59 [orc warrior/+0 scimitar (11)]
  6776 | D:6      | Noticed Duvessa
  6780 | D:6      | Noticed Dowan
  6799 | D:6      | Killed Duvessa
  6800 | D:6      | Reached XP level 9. HP: 45/64 MP: 18/20
  6922 | D:6      | Killed Dowan
  7041 | D:6      | Found a runed translucent door.
  7041 | D:6      | Found a shimmering altar of Xom.
  7041 | D:6      | Noticed ISoar's ghost (novice DENe)
  7041 | D:6      | Noticed a +3 dagger of chaos
  7389 | D:6      | Found a shimmering blue altar of Sif Muna.
  7409 | D:6      | Identified Sif Muna's Grimoire of Cold
  7561 | D:7      | Reached * piety under Vehumet
  7561 | D:7      | Offered knowledge of Foxfire by Vehumet.
  8001 | D:7      | Learned a level 2 spell: Searing Ray
  8006 | D:7      | Learned a level 4 spell: Fulminant Prism
  8210 | D:7      | Found an opulent altar of Gozag.
  8246 | D:7      | Reached skill level 1 in Conjurations
  8481 | D:7      | Found a hazy altar of Hepliaklqana.
  8539 | D:7      | Found a staircase to the Ecumenical Temple.
  9026 | D:8      | Mangled by a wyvern

Illustrated notes

Levels and vault maps discovered:
D:1:      dpeg_arrival_pits, layout_basic, st_stairs_9
D:2:      layout_basic, lemuel_zombie_altar_kikubaaqudgha, marbit_many_paths,
          patterned_corridor
D:3:      layout_basic, bloody_makhleb, pdpol_wu_jian_five_deadly_venoms,
          uniq_grinder
D:4:      layout_loops_ring, serial_shops, shop_statue, minmay_distorted,
          uniq_pikel, uniq_edmund, uniq_menkaure
D:5:      layout_loops_ring, lemuel_crystal_altar, uniq_crazy_yiuf_cottage
D:6:      layout_rooms, led_sif_book, ebering_ghost_xom, uniq_duvessa
D:7:      layout_gridville, nicolae_gozag_seed_capital,
          nzn_hepliaklqana_mist_gate, minmay_temple_entry_mist
D:8:      layout_basic, bloody_trog, lair_entry_dummy, enter_bailey_3

Skill      XL: |  1  2  3  4  5  6  7  8  9 |
---------------+----------------------------+-----
Spellcasting   | 3 4 5 6 7 8 |  8.4
Transmutations | 3 4 5 7 8 |  8.6
Poison Magic   | 1 3 4 |  4.0
Conjurations   | 1 |  1.7
Unarmed Combat | 4 |  4.1
Fighting       | |  1.1
Dodging        | |  1.7
Evocations     | |  0.1

Action                   |  1- 3 |  4- 6 |  7- 9 || total
-------------------------+-------+-------+-------++-------
Melee: Unarmed           |    33 |    20 |   256 ||   309
       Kick              |    14 |     3 |       ||    17
       Headbutt          |    10 |     7 |       ||    17
       Tailslap          |     6 |     6 |     1 ||    13
       Dagger            |    39 |       |       ||    39
       Short sword       |    72 |    70 |    42 ||   184
       Punch             |       |       |     1 ||     1
 Cast: Beastly Appendage |    28 |    13 |       ||    41
       Spider Form       |       |     2 |    25 ||    27
       Ice Form          |       |       |    10 ||    10
 Abil: Breathe Fire      |       |       |     6 ||     6
Evoke: Wand              |       |       |     2 ||     2
  Use: Potion            |       |     2 |     1 ||     3
       Scroll            |       |     7 |     9 ||    16
Armor: Skin              |    42 |    24 |    78 ||   144
Dodge: Dodged            |    83 |    37 |   245 ||   365
